AoeStats
← R1b7n12

Arabia

508477946Analyzed
1v1 RM · 8d ago on Sep 22, 2026· 18m 4s· 2 players
Game mode
Random Map
Map size
Tiny (2 player)
Population
200
Speed
Normal
Resources
Standard
Victory
Conquest
Starting age
Dark Age
Ending age
Imperial Age
RankedLock teamsTeams togetherTeam positionsShared explorationLock speedFull tech treeHidden civsTurbo modeCheats
Victory
Defeat
🇫🇷 Varangians · France
1010
+17
🇩🇪 Ethiopians · Germany
1033
-17
AGS.ZefloneXx44
7:25 Loom
10:18 Feudal Age
11:29 Double-Bit Axe
14:21 Bloodlines
R1b7n12
8:05 Loom
10:58 Feudal Age
11:07 Man-at-Arms
13:36 Double-Bit Axe
Connection lost

Rejoining the realm…

Still unreachable

The connection could not be restored.

Session expired

The server has moved on; the page needs a fresh start.